[Event "January 9 Early 2024"]
[Site "https://www.chess.com"]
[Date "2024.01.11"]
[Round "8"]
[White "Abdulrahman Mohammad, Al Taher"]
[Black "Lopez Idarraga, Daniel Eduardo"]
[Result "0-1"]
[Board "235"]
[TimeControl "180+1"]
[WhiteFideId "9310258"]
[BlackFideId "4405501"]
[WhiteElo "2238"]
[BlackElo "2417"]
[WhiteTeam "UAE"]
[BlackTeam "COL"]
[WhiteClock "0:00:03"]
[BlackClock "0:00:08"]

1. d4 d5 2. c4 c6 3. Nc3 Nf6 4. e3 Bf5 5. cxd5 cxd5 6. Qb3 Qd7 7. Nf3 a6 8. Ne5 Qc7 9. Nxd5 Nxd5 10. Qxd5 e6 11. Qb3 Nc6 12. Nxc6 bxc6 13. Bd2 Rb8 14. Qc3 Bb4 15. Qc1 O-O 16. Bxb4 Rxb4 17. Bc4 c5 18. dxc5 Qxc5 19. b3 a5 20. O-O a4 21. Qd2 axb3 22. Bxb3 Ra8 23. Rac1 Qb6 24. Qd7 Qb7 25. Rfd1 Qxd7 26. Rxd7 Bg6 27. f3 h5 28. e4 h4 29. Kf2 Ra5 30. Rcc7 Re5 31. Ke3 Ra5 32. Rd8+ Kh7 33. Rcc8 Bh5 34. Rh8+ Kg6 35. Rhd8 f5 36. Bxe6 fxe4 37. fxe4 Rb2 38. Bf5+ Kf6 39. Rd6+ Ke7 40. Re6+ Kf7 41. Rc7+ Kf8 42. Rc8+ Kf7 43. Rc7+ Kf8 44. Rec6 g5 45. Rc8+ Ke7 46. R6c7+ Kd6 47. Rd7+ Ke5 48. Re8+ Bxe8 49. Re7+ Kf6 50. Rxe8 Ra3+ 51. Kd4 Rd2+ 52. Kc5 Raxa2 53. Rf8+ Ke5 54. Re8+ Kf4 55. Rg8 Rac2+ 56. Kb4 Rxg2 57. Bg6 Rxh2 58. Rf8+ Kg3 59. e5 Rb2+ 60. Kc5 Rhe2 61. Kd6 h3 62. e6 g4 63. e7 Rbd2+ 64. Kc7 Rxe7+ 65. Kc8 Ra2 66. Kb8 Raa7 67. Rc8 Reb7# 0-1

[Event "January 9 Early 2024"]
[Site "https://www.chess.com"]
[Date "2024.01.11"]
[Round "8"]
[White "Zhuk, Valeriy"]
[Black "Yeritsyan, Hayk"]
[Result "0-1"]
[Board "236"]
[TimeControl "180+1"]
[WhiteFideId "24151254"]
[BlackFideId "13307320"]
[WhiteElo "2423"]
[BlackElo "2640"]
[WhiteTeam "RUS"]
[BlackTeam "ARM"]
[WhiteClock "0:00:15"]
[BlackClock "0:00:06"]

1. e4 e6 2. d4 a6 3. Nc3 d5 4. e5 c5 5. Nce2 Qb6 6. c3 Bd7 7. f4 Bb5 8. Nf3 Nc6 9. Be3 Bxe2 10. Qxe2 Nh6 11. Rd1 Nf5 12. Bf2 h5 13. g3 cxd4 14. Nxd4 Ncxd4 15. Bxd4 Bc5 16. Bxc5 Qxc5 17. Qf2 Qxf2+ 18. Kxf2 Ke7 19. Bd3 g6 20. h3 Rac8 21. g4 Ng7 22. Ke3 Rh7 23. Be2 hxg4 24. hxg4 Rch8 25. Bf3 Rh2 26. c4 dxc4 27. Bxb7 Rxh1 28. Bxh1 Rh2 29. Rb1 Ne8 30. Bf3 Nc7 31. Rc1 Rxb2 32. Rxc4 Kd7 33. Ra4 Rb6 34. Be4 Nb5 35. f5 gxf5 36. gxf5 Nc7 37. f6 Nd5+ 38. Bxd5 exd5 39. Kd4 Ke6 40. a3 Rc6 41. Rb4 a5 42. Ra4 Ra6 43. Kc5 Kxe5 44. Kb5 Rxf6 45. Rxa5 d4 46. Kc4+ Ke4 47. Ra8 Rc6+ 48. Kb5 Rc1 49. Re8+ Kd3 50. a4 f5 51. a5 Rb1+ 52. Kc6 Ra1 53. Kb6 f4 54. a6 f3 55. Rf8 Ke2 56. Rf5 Rxa6+ 57. Kxa6 d3 58. Kb5 d2 59. Re5+ Kd3 60. Rd5+ Kc2 61. Kc5 d1=Q 62. Rxd1 Kxd1 63. Kd4 f2 0-1

[Event "January 9 Early 2024"]
[Site "https://www.chess.com"]
[Date "2024.01.11"]
[Round "8"]
[White "Vincenti, Leonardo"]
[Black "Tuncer, Tuna"]
[Result "0-1"]
[Board "237"]
[TimeControl "180+1"]
[WhiteFideId "28550820"]
[BlackFideId "6349269"]
[WhiteElo "2233"]
[BlackElo "2628"]
[WhiteTeam "ITA"]
[BlackTeam "TUR"]
[WhiteClock "0:00:14"]
[BlackClock "0:00:31"]

1. e4 g6 2. d4 Bg7 3. Nf3 d6 4. Nc3 a6 5. a4 Nc6 6. Be3 Nf6 7. h3 O-O 8. Qd2 e5 9. d5 Ne7 10. Be2 Nd7 11. g4 a5 12. h4 Nc5 13. Rg1 Bd7 14. h5 Nc8 15. hxg6 fxg6 16. Bh6 Qf6 17. O-O-O Nxa4 18. Nxa4 Bxa4 19. Rh1 Bd7 20. Ng5 Rf7 21. Nxf7 Qxf7 22. Bxg7 Qxg7 23. Qg5 Nb6 24. Rh6 Rf8 25. f3 Qf6 26. Qxf6 Rxf6 27. Rdh1 Rf7 28. g5 Na4 29. b3 Nc5 30. Kd2 b6 31. R6h4 Bc8 32. Rg1 Bd7 33. Rgh1 Be8 34. Rg1 Rg7 35. Rgh1 Bd7 36. R1h2 Kh8 37. Rh1 Rf7 38. Rh6 Kg8 39. R1h2 a4 40. bxa4 Bxa4 41. Rh1 Nd7 42. Ra1 Nc5 43. Ra3 Kf8 44. Ra1 Rg7 45. Rah1 Kg8 46. Ra1 b5 47. Bd3 Nd7 48. Be2 Nf8 49. Rh4 Rf7 50. Rah1 c6 51. dxc6 Rc7 52. Ke3 Rxc6 53. Rh6 Rc3+ 54. Bd3 Bxc2 55. Kd2 Rxd3+ 56. Kxc2 Rxf3 57. R6h3 Rf4 58. Re3 Ne6 59. Rb1 Rg4 60. Rxb5 Nd4+ 61. Kd3 Nxb5 62. Kc4 Nd4 63. Kd5 Rxg5 64. Kxd6 h5 65. Kd5 h4 66. Rh3 Rh5 67. Kd6 Kg7 68. Kd5 Kf6 69. Kd6 Kg5 70. Kxe5 Kg4+ 71. Kxd4 Kxh3 72. e5 Rxe5 73. Kxe5 g5 74. Ke4 g4 75. Ke3 g3 76. Ke2 g2 77. Kf2 Kh2 78. Kf3 g1=Q 79. Kf4 Qg3+ 80. Kf5 Kg2 81. Ke4 h3 82. Kd5 h2 83. Ke4 h1=Q 84. Kd4 Qhh4+ 85. Kd5 Qgg5+ 86. Ke6 Qhh6+ 87. Kf7 Qgg7+ 88. Ke8 Qhh8# 0-1

[Event "January 9 Early 2024"]
[Site "https://www.chess.com"]
[Date "2024.01.11"]
[Round "8"]
[White "Kleiman, Jake"]
[Black "Kazakouski, Valery"]
[Result "1/2-1/2"]
[Board "238"]
[TimeControl "180+1"]
[WhiteFideId "2020041"]
[BlackFideId "13507443"]
[WhiteElo "2654"]
[BlackElo "2829"]
[WhiteTeam "USA"]
[BlackTeam "LTU"]
[WhiteClock "0:00:07"]
[BlackClock "0:00:04"]

1. e4 c5 2. c3 a6 3. Nf3 d5 4. exd5 Qxd5 5. d4 Bg4 6. dxc5 Qxc5 7. Be3 Qc7 8. Nbd2 Nf6 9. h3 Bh5 10. Be2 Nbd7 11. O-O e6 12. Nd4 Bg6 13. Bf3 Be7 14. Re1 O-O 15. g3 Ne5 16. Bf4 Nxf3+ 17. N2xf3 Qc8 18. Ne5 Be4 19. Bg5 Bg6 20. Nxg6 hxg6 21. Qf3 Rd8 22. Rad1 Rd5 23. h4 Qd7 24. Nc2 Rd8 25. Ne3 Rxd1 26. Rxd1 Qc8 27. Rxd8+ Bxd8 28. Bxf6 Bxf6 29. Qd1 Qc6 30. Qd3 b5 31. Ng4 Be7 32. Ne5 Qc7 33. Nf3 Bf6 34. Qe4 Qd6 35. Kg2 Qb6 36. Qa8+ Kh7 37. Qe4 a5 38. h5 a4 39. hxg6+ fxg6 40. a3 Qd6 41. Kg1 Qd1+ 42. Kg2 Qb3 43. Qe2 Qd5 44. Qe3 g5 45. g4 Kg6 46. Kf1 Qc4+ 47. Ke1 Qxg4 48. Ke2 Qf5 49. Qd3 g4 50. Nd2 Kf7 51. Ne4 Be7 52. Qe3 g6 53. Qd3 g5 54. Qe3 Kg6 55. Qd3 Kh6 56. Ng3 Qf4 57. Qd7 Qf3+ 58. Ke1 Qf6 59. Qxb5 Qf4 60. Qd7 Qe5+ 61. Kf1 Bc5 62. Qd3 Qf4 63. Qe2 e5 64. Kg2 Kh7 65. Ne4 Bb6 66. Ng3 Kh8 67. Ne4 Kg7 68. Ng3 Kf8 69. Ne4 Ke7 70. Ng3 Kd8 71. Qd3+ Kc7 72. Ne4 Qf8 73. Qc4+ Kb8 74. Qd3 Ka7 75. Qe2 Qf4 76. Qd3 Qf5 77. Qe2 Kb8 78. Qd3 Ka7 79. Qe2 Kb8 80. Qd3 Ka7 1/2-1/2

[Event "January 9 Early 2024"]
[Site "https://www.chess.com"]
[Date "2024.01.11"]
[Round "8"]
[White "Navara, David"]
[Black "Nakamura, Hikaru"]
[Result "1/2-1/2"]
[Board "239"]
[TimeControl "180+1"]
[WhiteFideId "309095"]
[BlackFideId "2016192"]
[WhiteElo "3018"]
[BlackElo "3252"]
[WhiteTeam "CZE"]
[BlackTeam "USA"]
[WhiteClock "0:00:08"]
[BlackClock "0:00:09"]

1. d4 Nf6 2. c4 b6 3. Nc3 Bb7 4. Qc2 d5 5. cxd5 Nxd5 6. Nf3 Nxc3 7. bxc3 e6 8. e4 Nd7 9. Bd3 Be7 10. O-O c5 11. Qe2 O-O 12. Rd1 Qc7 13. a4 Rad8 14. Bb2 Nb8 15. Ne5 Nc6 16. Nxc6 Bxc6 17. f3 Rd7 18. Bb5 Re8 19. a5 Bf6 20. axb6 axb6 21. dxc5 bxc5 22. Rxd7 Qxd7 23. Bxc6 Qxc6 24. Qc4 h5 25. Bc1 Ra8 26. Rxa8+ Qxa8 27. Qxc5 Qa1 28. Qa3 Qb1 29. Qb2 Qd3 30. Qd2 Qc4 31. Qd1 Qxc3 32. Kh1 h4 33. h3 Qa1 34. Qg1 Qa2 35. Be3 Qb3 36. Qc1 Qb5 37. Bg1 g5 38. Qc8+ Kg7 39. Qc1 Kg6 40. Qc2 Be5 41. Qd1 Qa6 42. Bh2 Bg7 43. Bg1 Qa2 44. Bh2 Qb2 45. Bg1 Be5 46. Bh2 Bg3 47. Bg1 Qb8 48. Qc1 Qd6 49. Be3 Qe5 50. Qd1 Qc3 51. Bg1 Bc7 52. Bd4 Qc6 53. Be3 Qb5 54. Qc1 Qe5 55. Bg1 Bd6 56. Qd1 f6 57. Qb1 f5 58. exf5+ exf5 59. Qd1 Bc7 60. Qc1 Qd6 61. Qb1 Bd8 62. Qe1 Qd7 63. Qc1 Bf6 64. Qe1 Qc6 65. Qd1 Qc3 66. Qb1 Qa1 67. Qxa1 Bxa1 68. Be3 Be5 69. Kg1 f4 70. Bf2 Kf5 71. Kf1 Bf6 72. Ke2 Ke5 73. Kd3 Kd5 74. Bg1 Bd8 75. Bf2 Be7 76. Bb6 Bf6 77. Bf2 Be7 78. Bb6 Bf6 79. Bf2 Bd8 80. Bd4 Be7 81. Bc3 Bd8 82. Bd4 Be7 83. Bc3 Bd8 84. Bd4 1/2-1/2

[Event "January 9 Early 2024"]
[Site "https://www.chess.com"]
[Date "2024.01.11"]
[Round "8"]
[White "Souleidis, Georgios"]
[Black "Sidletskyi, Ivan"]
[Result "1-0"]
[Board "240"]
[TimeControl "180+1"]
[WhiteFideId "4206827"]
[BlackFideId "14156024"]
[WhiteElo "2635"]
[BlackElo "2502"]
[WhiteTeam "GRE"]
[BlackTeam "UKR"]
[WhiteClock "0:00:06"]
[BlackClock "0:00:14"]

1. e4 e6 2. d4 d5 3. Nc3 Nf6 4. Bg5 Bb4 5. e5 h6 6. Bd2 Bxc3 7. bxc3 Ne4 8. Bc1 c5 9. Ne2 Nc6 10. f3 Ng5 11. h4 Nh7 12. f4 Qa5 13. Bd2 Qa4 14. Be3 cxd4 15. cxd4 Nb4 16. c3 Qxd1+ 17. Kxd1 Nc6 18. h5 Nf8 19. Rb1 Nd7 20. Nc1 Nb6 21. Nb3 Na4 22. Kd2 Bd7 23. Bd3 Rc8 24. g4 b6 25. f5 exf5 26. gxf5 Nxc3 27. Kxc3 Nxe5+ 28. Kd2 Nxd3 29. Kxd3 Bxf5+ 30. Ke2 Bxb1 31. Rxb1 Rc2+ 32. Kf3 Rxa2 33. Rc1 O-O 34. Nd2 Re8 35. Rc7 Ra3 36. Nf1 b5 37. Rb7 a6 38. Kf2 Ra2+ 39. Kf3 Re6 40. Ng3 Rf6+ 41. Bf4 Ra3+ 42. Kg4 Ra1 43. Be5 Re6 44. Nf5 Rg1+ 45. Kh3 Rg5 46. Ne3 Rgxe5 47. dxe5 Rxe5 48. Ng4 Re4 49. Kg3 d4 50. Rb8+ Kh7 51. Kf3 Re1 52. Kf4 d3 53. Rd8 Rd1 54. Ke3 Re1+ 55. Kf2 Rd1 56. Kf3 Rf1+ 57. Nf2 Rg1 58. Rxd3 Rg5 59. Ne4 Rxh5 60. Rd7 Rf5+ 61. Ke3 Rf1 62. Ng3 Rg1 63. Kf2 Rc1 64. Rxf7 Rc2+ 65. Kf3 Rc4 66. Ra7 Rc6 67. Nf5 Rf6 68. Kg4 h5+ 69. Kg5 h4 70. Rxg7+ Kh8 71. Kxf6 h3 72. Rg4 h2 73. Rg3 h1=Q 74. Rg5 Qc6+ 75. Kf7 Qd7+ 76. Ne7 Qd1 77. Rg6 Qf3+ 78. Rf6 Kh7 79. Rxf3 Kh6 80. Kf6 b4 81. Rb3 Kh5 82. Nd5 Kg4 83. Nxb4 Kf4 84. Nxa6 Ke4 85. Rb6 Kd5 86. Re6 1-0

[Event "January 9 Early 2024"]
[Site "https://www.chess.com"]
[Date "2024.01.11"]
[Round "8"]
[White "Albuquerque Junior,Wellington S."]
[Black "Cardozo Munar, Carlos Eduardo"]
[Result "1-0"]
[Board "241"]
[TimeControl "180+1"]
[WhiteFideId "2151480"]
[BlackFideId "4409477"]
[WhiteElo "2390"]
[BlackElo "2220"]
[WhiteTeam "BRA"]
[BlackTeam "COL"]
[WhiteClock "0:00:25"]
[BlackClock "0:00:19"]

1. c4 Nf6 2. g3 g6 3. Bg2 Bg7 4. Nc3 O-O 5. e4 d6 6. Nge2 Nbd7 7. O-O e5 8. d3 a6 9. h3 c6 10. Be3 Qe7 11. d4 exd4 12. Nxd4 Nc5 13. Qc2 Re8 14. Rfe1 Nfxe4 15. Nxe4 Nxe4 16. Rad1 d5 17. cxd5 cxd5 18. Nb3 Be6 19. Bd4 Rac8 20. Qb1 Bxd4 21. Nxd4 Qf6 22. Bxe4 dxe4 23. Qxe4 Bxh3 24. Qxe8+ Rxe8 25. Rxe8+ Kg7 26. Re3 h5 27. f3 b5 28. Kf2 h4 29. Rg1 Bd7 30. Rd3 Bc8 31. Rd2 Bb7 32. gxh4 Qxh4+ 33. Ke3 Qe7+ 34. Kf2 Qc5 35. a3 a5 36. Rg4 b4 37. axb4 axb4 38. Rg1 Bd5 39. Rgd1 Bb7 40. Re1 g5 41. Rg1 Kg6 42. f4 f6 43. fxg5 fxg5 44. Re1 Qd5 45. Re6+ Kh5 46. Re3 Qg2+ 47. Ke1 Qg1+ 48. Ke2 Qg2+ 49. Kd3 Qf1+ 50. Kc2 Ba6 51. Rh2+ Kg6 52. Rd2 Qf7 53. Re6+ Kg7 54. Rxa6 Qc4+ 55. Kd1 b3 56. Ra7+ Kg6 57. Re7 Qf1+ 58. Re1 Qa6 59. Re6+ Qxe6 60. Nxe6 Kf5 61. Nxg5 Kxg5 62. Rd3 Kf4 63. Rxb3 Ke5 64. Rc3 Kd6 65. Kc2 Kd7 66. Kb1 Kd6 67. Ka2 Kd5 68. Ka3 Kd4 69. Ka4 Kd5 70. Ka5 Kd4 71. Ka6 Kd5 72. Ka7 Kd4 73. Kb6 Kd5 74. Rc5+ Kd4 75. b3 Kd3 76. b4 Kd4 77. b5 Kd3 78. Kc6 Kd4 79. b6 Kd3 80. b7 Kd4 81. b8=Q Kd3 82. Qd8+ Ke4 83. Rd5 Kf3 84. Qf6+ Ke4 85. Qe6+ Kf4 86. Rf5+ 1-0

[Event "January 9 Early 2024"]
[Site "https://www.chess.com"]
[Date "2024.01.11"]
[Round "8"]
[White "Bortnyk, Olexandr"]
[Black "Salem, A.R. Saleh"]
[Result "0-1"]
[Board "242"]
[TimeControl "180+1"]
[WhiteFideId "14120828"]
[BlackFideId "9301348"]
[WhiteElo "3111"]
[BlackElo "3003"]
[WhiteTeam "UKR"]
[BlackTeam "UAE"]
[WhiteClock "0:00:01"]
[BlackClock "0:00:09"]

1. e4 e5 2. Bc4 Nf6 3. d3 Bc5 4. Nc3 O-O 5. Bg5 d6 6. Qf3 Nbd7 7. Nge2 h6 8. h4 c6 9. Ng3 Bb4 10. Nf5 d5 11. Bxh6 g6 12. exd5 cxd5 13. Bxd5 Nxd5 14. Qxd5 gxf5 15. Bxf8 Qxf8 16. O-O Qh6 17. g3 Qc6 18. a3 Bd6 19. Rfe1 Nf6 20. Qxc6 bxc6 21. Rad1 Be6 22. b4 a5 23. b5 Rc8 24. b6 Nd7 25. Rb1 Rb8 26. Na4 Bxa3 27. c3 Bd6 28. Re2 Kf8 29. Rc2 Ke7 30. d4 f6 31. c4 Kd8 32. c5 Be7 33. Re2 Bd5 34. dxe5 fxe5 35. h5 Bf3 36. Rd2 Bxh5 37. Re1 Ke8 38. Rxd7 Kxd7 39. Rxe5 Bg6 40. Re2 f4 41. Rd2+ Ke6 42. gxf4 Bf5 43. Re2+ Kf7 44. Rd2 Rg8+ 45. Kf1 Bc8 46. Ke2 Ba6+ 47. Kf3 Ke6 48. f5+ Kxf5 49. Rd7 Ke6 50. Ra7 Bb5 51. b7 Rb8 52. Nc3 Bxc5 53. Rxa5 Rxb7 54. Ne4 Rf7+ 55. Kg4 Rg7+ 56. Ng5+ Kf6 57. f4 Be7 58. Kf3 Kg6 59. Ne4 Rf7 60. Nc3 Rf5 61. Ra7 Bd6 62. Nxb5 cxb5 63. Ra6 Rxf4+ 64. Ke3 Rf6 65. Ke4 b4 66. Rb6 Bf8 67. Rb8 Kf7 68. Rb7+ Be7 69. Kd5 Rd6+ 70. Kc4 Rd8 71. Kb3 Ke6 72. Rb6+ Kd5 73. Rh6 Ra8 74. Rh5+ Kd4 75. Kb2 Bc5 76. Rh4+ Kd3 77. Rh5 Kc4 78. Rh7 Bd4+ 0-1

[Event "January 9 Early 2024"]
[Site "https://www.chess.com"]
[Date "2024.01.11"]
[Round "8"]
[White "Tikhonov, Viacheslav"]
[Black "Md, Sariatullah"]
[Result "0-1"]
[Board "243"]
[TimeControl "180+1"]
[WhiteFideId "44196407"]
[BlackFideId "10207333"]
[WhiteElo "2523"]
[BlackElo "2259"]
[WhiteTeam "RUS"]
[BlackTeam "BAN"]
[WhiteClock "0:00:08"]
[BlackClock "0:00:13"]

1. e4 Nc6 2. Nc3 e5 3. Nf3 Nf6 4. Be2 Be7 5. O-O d6 6. d4 O-O 7. h3 h6 8. Be3 Re8 9. Re1 Bf8 10. d5 Ne7 11. Bd3 Ng6 12. Qd2 c6 13. dxc6 bxc6 14. Bc4 Be6 15. Bxe6 fxe6 16. Rad1 d5 17. exd5 exd5 18. Na4 d4 19. Qd3 e4 20. Qxd4 exf3 21. Qc4+ Nd5 22. Nc3 Qh4 23. Qxh4 Nxh4 24. Nxd5 cxd5 25. Rxd5 Nxg2 26. Red1 Nxe3 27. fxe3 Rxe3 28. Kf2 Re2+ 29. Kxf3 Rxc2 30. Rb5 a6 31. Rb7 Bc5 32. Rdd7 Rf8+ 33. Ke4 Rg2 34. b4 Bf2 35. a4 Bh4 36. b5 axb5 37. axb5 Bf6 38. b6 Re2+ 39. Kd5 Re5+ 40. Kc6 Rc8+ 41. Rbc7 Rb8 42. b7 Re6+ 43. Rd6 Ree8 44. Rd5 Kh7 45. Kb6 Be5 46. Rc8 Rbxc8 47. bxc8=Q Rxc8 48. Rxe5 Rc3 49. Rh5 Kg6 50. Rh4 h5 51. Kb5 Kg5 52. Rd4 Rxh3 53. Rd7 g6 54. Kc4 Rf3 55. Kd4 Rf8 56. Ke3 h4 57. Rh7 Kg4 58. Rb7 g5 59. Rb1 h3 60. Rg1+ Kh4 61. Rh1 g4 62. Ke2 g3 63. Rd1 h2 64. Rd4+ Kh3 65. Rd7 h1=Q 66. Rh7+ Kg2 67. Rd7 Qf1+ 68. Ke3 Qe1+ 69. Kd4 Rf4+ 70. Kc5 Qc1+ 71. Kd6 Rd4+ 72. Ke7 Rxd7+ 73. Kxd7 Qf4 74. Ke6 Kf2 75. Kd5 g2 76. Kc6 g1=Q 77. Kd7 Qg7+ 78. Ke6 Qg6+ 79. Kd7 Qff7+ 80. Kd8 Qgg8# 0-1

[Event "January 9 Early 2024"]
[Site "https://www.chess.com"]
[Date "2024.01.11"]
[Round "8"]
[White "Seo, Jung Min"]
[Black "Boyer, Mahel"]
[Result "1/2-1/2"]
[Board "244"]
[TimeControl "180+1"]
[WhiteFideId "1734687"]
[BlackFideId "45102422"]
[WhiteElo "2850"]
[BlackElo "2666"]
[WhiteTeam "SWE"]
[BlackTeam "FRA"]
[WhiteClock "0:00:06"]
[BlackClock "0:00:04"]

1. e4 Nc6 2. Nc3 d5 3. Nxd5 f5 4. Nc3 Nf6 5. exf5 Bxf5 6. Bb5 e5 7. Nge2 Bc5 8. O-O O-O 9. Bxc6 bxc6 10. Ng3 Bg6 11. d3 Rb8 12. Rb1 Bd4 13. Nce2 Qd5 14. b3 h5 15. Nxd4 exd4 16. Ne2 Bf7 17. Bf4 Rbe8 18. Bxc7 h4 19. h3 Nh5 20. Bh2 c5 21. Qd2 Qf5 22. Nf4 Nxf4 23. Qxf4 Qxf4 24. Bxf4 Re2 25. Bd6 Rd8 26. Bxc5 Rxc2 27. Bxa7 Rxa2 28. Bc5 Rd2 29. Be7 Rd7 30. Bxh4 Rxd3 31. b4 Bb3 32. Bg3 Bc2 33. Rb2 Rc3 34. Be5 Rd5 35. Bf4 Bd3 36. Rd1 Bb5 37. f3 Ba4 38. Ra1 Bb5 39. Bd2 Rc6 40. Rc1 Rb6 41. Rc5 Rd7 42. Kf2 d3 43. Ra2 Re7 44. Bc3 Kf7 45. g4 Ba6 46. h4 g6 47. h5 gxh5 48. Rxh5 Kg6 49. Rc5 Rbe6 50. b5 Bb7 51. Kg3 Rf7 52. Rf2 Re3 53. Bd2 Rfxf3+ 54. Rxf3 Rxf3+ 55. Kh4 Rf2 56. Be3 Re2 57. Bf4 d2 58. Rg5+ Kf7 59. Bxd2 Rxd2 60. Rh5 Kg6 61. Rg5+ Kf6 62. Rf5+ Ke6 63. Kg5 Be4 64. Rf4 Ke5 65. Rf8 Rb2 66. Re8+ Kd4 67. Kf4 Bd5 68. g5 Rxb5 69. g6 Rb2 70. Kg5 Rg2+ 71. Kf6 Rf2+ 72. Kg7 Be4 73. Kh7 Rh2+ 74. Kg7 Kd5 75. Rd8+ Ke5 76. Re8+ Kf5 77. Rb8 Kf4 78. Rf8+ Bf5 79. Kf6 Rh6 80. Rg8 Kg4 81. Kf7 Be4 82. g7 Bd5+ 83. Kf8 Bxg8 84. Kxg8 Kf5 85. Kf7 Rf6+ 86. Ke7 Re6+ 87. Kf7 Rf6+ 88. Ke7 Rg6 89. Kf7 Rf6+ 1/2-1/2

[Event "January 9 Early 2024"]
[Site "https://www.chess.com"]
[Date "2024.01.11"]
[Round "8"]
[White "Rose, Felix"]
[Black "Dahlgren, James Allen"]
[Result "1/2-1/2"]
[Board "245"]
[TimeControl "180+1"]
[WhiteFideId "5105722"]
[BlackFideId "22256873"]
[WhiteElo "2241"]
[BlackElo "2100"]
[WhiteTeam "MEX"]
[BlackTeam "ESP"]
[WhiteClock "0:00:07"]
[BlackClock "0:00:08"]

1. e4 e6 2. d4 c5 3. Nf3 cxd4 4. Nxd4 Nf6 5. Nc3 Bb4 6. e5 Ne4 7. Qg4 Nxc3 8. Qxg7 Rf8 9. a3 Be7 10. bxc3 Qa5 11. Bd2 Nc6 12. Nxc6 dxc6 13. Bd3 Bd7 14. O-O O-O-O 15. Bxh7 c5 16. Be4 Qc7 17. Qg3 Bc6 18. Bxc6 Qxc6 19. Qe3 Rh8 20. c4 Rdg8 21. f3 Rg6 22. Be1 Rhg8 23. Rf2 Bh4 24. Rd2 Bg5 25. f4 Bxf4 26. Qxf4 Rxg2+ 27. Kf1 Rxd2 28. Qxd2 Qh1+ 29. Ke2 Rg2+ 30. Bf2 Qxa1 31. Kf3 Rxh2 32. Qd6 Qh1+ 33. Ke2 Qc6 34. Qf8+ Kc7 35. Qxf7+ Qd7 36. Qf8 Qc6 37. Qe7+ Qd7 38. Qxc5+ Qc6 39. Qe7+ Qd7 40. Qc5+ Qc6 41. Qe7+ Qd7 42. Qb4 b6 43. c5 Qc6 44. cxb6+ axb6 45. Qe7+ Qd7 46. Qb4 Qc6 47. Qe7+ Kb8 48. Qd8+ Kb7 49. Qe7+ Ka6 50. Qb4 Qb5+ 51. Qxb5+ Kxb5 52. Kf3 Ka4 53. Bxb6 Rxc2 54. Bc7 Kb5 55. Bd6 Kc4 56. Kf4 Kd5 57. Kg5 Ra2 58. Kf6 Ra1 59. Kf7 Ra2 60. Kf6 Rb2 61. Ke7 Ra2 62. Kd7 Rb2 63. Kc7 Ra2 64. Kb6 Ra1 65. Kb5 Rb1+ 66. Ka6 Kc6 67. a4 Ra1 68. a5 Ra2 69. Bb8 Ra4 70. Bd6 Ra2 71. Bb8 Kc5 72. Bc7 Kb4 73. Kb7 Kb5 74. Bb6 Ra4 75. Bc7 Ra2 76. Bb6 Ra4 77. Bc7 Ra2 1/2-1/2

[Event "January 9 Early 2024"]
[Site "https://www.chess.com"]
[Date "2024.01.11"]
[Round "8"]
[White "Sasvatha A"]
[Black "Babayeva, Nasrin"]
[Result "1-0"]
[Board "246"]
[TimeControl "180+1"]
[WhiteFideId "45010862"]
[BlackFideId "13416626"]
[WhiteElo "2176"]
[BlackElo "1845"]
[WhiteTeam "IND"]
[BlackTeam "AZE"]
[WhiteClock "0:00:06"]
[BlackClock "0:00:05"]

1. d4 d6 2. Nf3 Bg4 3. e3 Nf6 4. h3 Bh5 5. Bd3 e6 6. Nbd2 Be7 7. c4 Nbd7 8. Qc2 Bg6 9. b3 c5 10. Bb2 d5 11. Ne5 Rc8 12. f4 cxd4 13. exd4 Bxd3 14. Qxd3 Bb4 15. O-O Bxd2 16. Qxd2 Ne4 17. Qd3 O-O 18. Rae1 Ndf6 19. f5 Re8 20. fxe6 Rxe6 21. Rf3 Qa5 22. Re2 Rd8 23. cxd5 Qxd5 24. Qc2 Re7 25. Rf4 b6 26. Rfxe4 Nxe4 27. Qxe4 f6 28. Qxd5+ Rxd5 29. Ba3 Re6 30. Bb2 fxe5 31. dxe5 Rd1+ 32. Kh2 Kf7 33. a3 Ke8 34. b4 Rb1 35. Rf2 Ke7 36. Rc2 Kd7 37. Rd2+ Kc7 38. Rf2 Re7 39. Re2 Rd1 40. Bc3 Rd3 41. Bb2 Kb7 42. Bc1 Rc3 43. Bb2 Rb3 44. Rd2 Kc7 45. Rc2+ Kb7 46. Re2 a5 47. bxa5 bxa5 48. Rd2 Rb5 49. Re2 Ka6 50. Bd4 Rd5 51. Bb2 Rb7 52. Ba1 Rd3 53. e6 Re7 54. Bxg7 Rd6 55. Bf6 Rdxe6 56. Rxe6+ Rxe6 57. Bb2 Re3 58. Kg1 Rb3 59. Bf6 Rxa3 60. g4 Ra2 61. h4 a4 62. g5 Re2 63. h5 Re4 64. Kf2 Rh4 65. h6 a3 66. Kg3 Rh1 67. Kg2 Rd1 68. g6 hxg6 69. h7 Rd2+ 70. Kg3 Rd3+ 71. Kg4 Rd8 72. Bxd8 a2 73. Bf6 a1=Q 74. Bxa1 g5 75. h8=Q Ka5 76. Kxg5 Ka4 77. Qb8 Ka3 78. Kf4 Ka2 79. Be5 Ka3 80. Qb2+ 1-0

[Event "January 9 Early 2024"]
[Site "https://www.chess.com"]
[Date "2024.01.11"]
[Round "8"]
[White "Demchenko, Anton"]
[Black "Makarian, Rudik"]
[Result "0-1"]
[Board "247"]
[TimeControl "180+1"]
[WhiteFideId "4160258"]
[BlackFideId "44105681"]
[WhiteElo "2937"]
[BlackElo "3098"]
[WhiteTeam "SLO"]
[BlackTeam "FID"]
[WhiteClock "0:00:03"]
[BlackClock "0:00:03"]

1. e4 c5 2. Nc3 Nc6 3. Bb5 e6 4. Bxc6 bxc6 5. d3 d5 6. Qe2 Nf6 7. Nf3 Be7 8. O-O O-O 9. Na4 c4 10. Bg5 cxd3 11. cxd3 Ba6 12. Bxf6 Bxf6 13. Nc5 Qb6 14. Rac1 Rfd8 15. b4 dxe4 16. Qxe4 Rd5 17. Nxa6 Qxa6 18. Qc4 Qxc4 19. dxc4 Rd3 20. Rfd1 Rad8 21. Rxd3 Rxd3 22. Kf1 g5 23. h3 Ra3 24. Rc2 Ra4 25. b5 cxb5 26. cxb5 Ra5 27. Rc7 Rxa2 28. Rb7 Kg7 29. b6 axb6 30. Rxb6 h6 31. Rd6 Be7 32. Rd2 Ra3 33. Ke2 Bb4 34. Rb2 Bc5 35. Rc2 Bb6 36. Rb2 Bd8 37. Rd2 Bf6 38. Rc2 Kg6 39. Nd2 Bd4 40. Nc4 Rb3 41. Nd2 Rb5 42. Nf3 Bf6 43. Nd2 Be7 44. g4 Ra5 45. Kf3 Ra3+ 46. Kg2 Bf6 47. Nf3 Ra4 48. Re2 Be7 49. Ne1 h5 50. f3 h4 51. Nd3 Bd6 52. Nf2 Bf4 53. Nd3 Bd6 54. Rd2 Kf6 55. Re2 Rd4 56. Nf2 Bf4 57. Ne4+ Ke7 58. Nf2 Kd6 59. Ra2 Ke7 60. Ra7+ Kf6 61. Ra2 Kg6 62. Re2 Ra4 63. Ne4 Ra1 64. Nf2 Bc7 65. Rb2 Be5 66. Rd2 Bc3 67. Re2 Bd4 68. Rd2 Be3 69. Re2 Bxf2 70. Rxf2 Ra4 71. Rb2 Kf6 72. Kf2 Ke5 73. Rb7 Ra2+ 74. Ke3 Kf6 75. Rb1 Rh2 76. Rf1 Rxh3 77. Kf2 Rh2+ 78. Ke3 Ra2 79. Rc1 Ra3+ 80. Ke4 Kg6 81. Rc8 f5+ 82. Ke5 Re3+ 83. Kd4 Rxf3 84. Ke5 Re3+ 85. Kd4 Re4+ 0-1

[Event "January 9 Early 2024"]
[Site "https://www.chess.com"]
[Date "2024.01.11"]
[Round "8"]
[White "Svane, Frederik"]
[Black "Rustemov, Alexander"]
[Result "1/2-1/2"]
[Board "248"]
[TimeControl "180+1"]
[WhiteFideId "12923044"]
[BlackFideId "4119002"]
[WhiteElo "2987"]
[BlackElo "2816"]
[WhiteTeam "GER"]
[BlackTeam "RUS"]
[WhiteClock "0:00:04"]
[BlackClock "0:00:09"]

1. e4 e6 2. d4 d5 3. Nc3 dxe4 4. Nxe4 Bd7 5. Nf3 Bc6 6. Bd3 Nd7 7. O-O Ngf6 8. Ng3 Be7 9. Re1 O-O 10. Qe2 Bxf3 11. Qxf3 c6 12. c3 Re8 13. a4 a5 14. Bc2 Qc7 15. Bf4 Bd6 16. Bg5 h6 17. Bd2 Bxg3 18. hxg3 e5 19. dxe5 Nxe5 20. Qf5 Qd7 21. Bf4 Qxf5 22. Bxf5 Nc4 23. b3 Nb6 24. c4 Nbd7 25. Bd6 g6 26. Bc2 b6 27. f3 Rxe1+ 28. Rxe1 Re8 29. Rc1 h5 30. Kf2 Re6 31. Bf4 Nc5 32. Rd1 Kf8 33. Rd8+ Re8 34. Bd6+ Kg7 35. Rxe8 Nxe8 36. Be5+ Kf8 37. Ke3 Ke7 38. Bc3 Nd6 39. Bd4 Ke6 40. Kf4 Nd7 41. g4 hxg4 42. Kxg4 Nc5 43. Kf4 Nd7 44. g4 Nc5 45. Ke3 Nd7 46. Bc3 Nc5 47. Ba1 Nd7 48. Bd4 Nc5 49. Bc3 Nd7 50. Kf4 Nc5 51. Kg5 Nd7 52. f4 Ke7 53. f5 gxf5 54. gxf5 f6+ 55. Kf4 c5 56. Bd1 Nf7 57. Bf3 Nfe5 58. Be4 Kd6 59. Ke3 Nc6 60. Bd5 Nd4 61. Bxd4 cxd4+ 62. Kxd4 Nc5 63. Kc3 Na6 64. Bb7 Nc5 65. Bc8 Ne4+ 66. Kd4 Nc5 67. Kc3 Ne4+ 68. Kd3 Nc5+ 69. Kc2 Ke5 70. Kc3 Ne4+ 71. Kd3 Nd6 72. Be6 Nxf5 73. Bd7 Nd4 74. Kc3 Ne6 75. Bc6 f5 76. b4 Kd6 77. Bd5 axb4+ 78. Kxb4 Nc7 79. Bf3 f4 80. Kc3 Ke5 81. Bg2 Ne6 82. Kb4 Kd6 83. Kb5 Kc7 84. Bd5 Nd4+ 85. Kb4 f3 86. Bxf3 Nxf3 87. c5 bxc5+ 88. Kxc5 Ne5 89. a5 Nc6 90. a6 Na7 91. Kd5 Kb6 1/2-1/2